 Dungeon Crawl Stone Soup version 0.24.0-123-gd5b16e6ec5 (webtiles) character file.

Game seed: 16084738774815997190, levelgen mode: deterministic

245 Ygven the Skirmisher (level 6, -12/56 HPs)
             Began as a Hill Orc Fighter on Feb 11, 2020.
             Killed by divine providence
             ... invoked by an orc priest
              (15 damage)
             ... on level 4 of the Dungeon.
             The game lasted 00:17:50 (3088 turns).

Ygven the Skirmisher (Hill Orc Fighter)             Turns: 3088, Time: 00:17:51

Health: -12/56     AC:  9    Str: 21    XL:     6   Next: 10%
Magic:  6/6        EV:  5    Int:  8    God:
Gold:   231        SH: 13    Dex: 10    Spells: 5/5 levels left

rFire    . . .     SeeInvis .   a - +0 war axe
rCold    . . .     Gourm    .   c - +0 shield
rNeg     . . .     Faith    .   q - +0 chain mail
rPois    .         Spirit   .   (no helmet)
rElec    .         Reflect  +   (no cloak)
rCorr    .         Harm     .   (no gloves)
MR       .....                  (no boots)
Stlth    ..........             r - +4 amulet of reflection
HPRegen  0.18/turn              (no ring)
MPRegen  0.10/turn              (no ring)

@: no status effects
A: no striking features
a: Convert to Beogh


You were on level 4 of the Dungeon.
You were not hungry.

You visited 1 branch of the dungeon, and saw 4 of its levels.

You collected 231 gold pieces.

Inventory:

Hand Weapons
 a - a +0 war axe (weapon)
Armour
 c - a +0 shield (worn)
 q - a +0 chain mail (worn)
Jewellery
 j - an uncursed ring of wizardry
 r - a +4 amulet of reflection (around neck)
 s - an uncursed ring of protection from fire
Wands
 l - a wand of disintegration (12)
 p - a wand of flame (17)
 t - a wand of random effects (13)
Scrolls
 e - 2 scrolls of remove curse
 i - a scroll of magic mapping
 m - a scroll of blinking {unknown}
Potions
 d - a potion of might
 g - a potion of lignification
 h - 2 potions of heal wounds {unknown}
 n - a potion of degeneration {unknown}
 o - a potion of invisibility
Comestibles
 f - 4 rations


   Skills:
 + Level 5.1 Fighting
 + Level 4.6 Axes
 + Level 4.5 Armour
 + Level 4.6 Shields


You had 5 spell levels left.
You didn't know any spells.
Your spell library was empty.

Dungeon Overview and Level Annotations

Branches:
Dungeon (4/15)
 Temple: D:4-7

Altars:
Ashenzari


Message History

The orc priest hits you with a +0 hand axe.
* * * LOW HITPOINT WARNING * * *
Unknown command.
The orc wizard is no longer moving quickly.
The orc priest calls upon Beogh to heal the orc wizard.
The orc wizard is healed somewhat.
The orc priest calls upon Beogh to heal the orc wizard.
The orc wizard's wounds heal themselves!
You hit the orc priest but do no damage.
The orc wizard gestures wildly while chanting.
The orc wizard blinks!
The orc priest begins to cast a cantrip, but forgets the words!
The orc priest hits you with a +0 hand axe.
* * * LOW HITPOINT WARNING * * *
You closely miss the orc priest.
The orc wizard mumbles some strange words.
The orc wizard blinks!
The orc priest invokes the aid of Beogh against you.
Beogh smites you!
You die...

## ##### #.........# ##..
.. ...# #.#..###### ##.
.###.###.####.#..# #.
.........<.......#
#########.
####.##)#####.#.##
#....[.... #.##.# #.#.#
##.#######. #....# #.#.#
#^.........
###..#####.#.###...#######
#..ยง.Wo@.o.......####
##.########.........#
#...................#
##.########.........# ###
####...#### #...# #...#
#####


You could see a phantom, an orc priest and an orc wizard.

Vanquished Creatures
  A scorpion (D:4)
  Ijyb (D:2)
  6 adders
  A worm (D:3)
  3 dart slugs
  7 leopard geckos
  13 orcs
  3 bats (D:1)
  4 giant cockroaches
  6 hobgoblins
  4 jackals (D:4)
  8 kobolds
  A quokka (D:2)
  5 frilled lizards
  12 goblins
  10 rats
  2 bushes (D:2)
  3 plants (D:2)
90 creatures vanquished.

Vanquished Creatures (others)
  A plant (D:2)
1 creature vanquished.

Grand Total: 91 creatures vanquished

Notes
Turn   | Place    | Note
-------+----------+-------------------------------------------
     0 | D:1      | Ygven the Hill Orc Fighter began the quest for the Orb.
     0 | D:1      | Reached XP level 1. HP: 19/19 MP: 1/1
   128 | D:1      | Reached XP level 2. HP: 19/27 MP: 2/2
   374 | D:1      | Reached skill level 4 in Fighting
   433 | D:1      | Reached XP level 3. HP: 33/33 MP: 3/3
  1096 | D:2      | Reached XP level 4. HP: 35/40 MP: 4/4
  1444 | D:2      | Noticed Ijyb
  1459 | D:2      | Killed Ijyb
  1794 | D:2      | Reached XP level 5. HP: 41/47 MP: 5/5
  2698 | D:3      | Found a shattered altar of Ashenzari.
  2867 | D:4      | Reached skill level 5 in Fighting
  2868 | D:4      | Reached XP level 6. HP: 41/56 MP: 6/6
  3054 | D:4      | Noticed a phantom
  3088 | D:4      | Killed from afar by an orc priest

Levels and vault maps discovered:
D:1:      scummos_arrival_hexagon, layout_basic, chequers_decorated_corner
D:2:      kennysheep_the_goblin_king, layout_basic, lexackson_kobold_supper
D:3:      layout_rooms, nicolae_overflow_hidden_temple
D:4:      layout_loops_ring, enter_ossuary_1, minmay_manual_mares

Skill      XL: |  1  2  3  4  5 |
---------------+----------------+-----
Axes           | 3 4 |  4.6
Fighting       | 4 5 |  5.1
Shields        | 4 |  4.6
Armour         | 4 |  4.5

Action                   |  1- 3 |  4- 6 || total
-------------------------+-------+-------++-------
Melee: War axe           |   107 |   289 ||   396
  Use: Scroll            |       |     7 ||     7
  Eat: Chunk             |       |     2 ||     2
       Ration            |       |     2 ||     2
Armor: Scale mail        |    50 |    76 ||   126
       Chain mail        |       |    13 ||    13
Dodge: Dodged            |    45 |    56 ||   101
Block: Shield            |    68 |   104 ||   172
